 Dungeon Crawl Stone Soup version 0.31-a0-968-g24f9ace8b5 (webtiles) character file.

Game seed: 3802034097917645868

315 croobank the Sneak (level 6, -4/49 (79) HPs)
             Began as a Draconian Delver on Oct 27, 2023.
             Killed by divine providence
             ... invoked by an orc priest
              (14 damage)
             ... on level 4 of the Dungeon.
             The game lasted 00:15:01 (3080 turns).

croobank the Sneak (Draconian Delver)               Turns: 3080, Time: 00:15:02

HP:   -4/49 (79)    AC: 23    Str: 12 (14) XL:     6   Next: 20%
MP:   6/6           EV:  2    Int: 10 (13) God:
Gold: 147           SH:  0    Dex: 11 (12) Spells: 5/5 levels left

rFire   . . .        k - +1 short sword (vamp)
rCold   . . .        (no shield)
rNeg    . . .        (body armour unavailable)
rPois   +            (helmet currently unavailable)
rElec   .            (cloak currently unavailable)
rCorr   .            (gloves currently unavailable)
SInv    .            (boots currently unavailable)
Will    +....        (no amulet)
Stlth   +++          (no ring)
HPRegen 0.28/turn    (no ring)
MPRegen 0.10/turn

%: no passive effects
@: tree-form (expiring), hasted, very heavily drained, very quick
A: stationary, stasis, torment immunity, boosted hp, AC +6, unfitting armour,
(cold-blooded), strong-willed 1, (poison resistance), evolution 1
a: no special abilities


You were on level 4 of the Dungeon.
You were a tree.
You visited 2 branches of the dungeon, and saw 7 of its levels.

You collected 147 gold pieces.

Inventory:

Hand Weapons
 a - a +0 short sword
 d - a +0 trident
 h - a +0 long sword
 k - a +1 vampiric short sword (weapon)
 l - a +0 dagger
 t - a +0 war axe
 x - a +2 mace of venom
Missiles
 i - 7 poisoned darts
Jewellery
 r - a ring of ice
Wands
 f - a wand of digging (3)
 j - a wand of flame (26)
Scrolls
 b - a scroll of fog
 c - 2 scrolls of revelation
 s - a scroll of poison {unknown}
 u - a scroll of amnesia {unknown}
 v - a scroll of enchant armour {unknown}
 y - a scroll of teleportation {unknown}
Potions
 m - 2 potions of degeneration
 o - a potion of mutation


   Skills:
 + Level 4.7 Fighting
 + Level 3.6 Short Blades
 + Level 3.3 Dodging
 + Level 5.5 Stealth


You had 5 spell levels left.
You didn't know any spells.
Your spell library contained the following spells:

 Spells                   Type           Power      Damage    Failure   Level
 Apportation              Tloc           0%         N/A       36%         1
 Jinxbite                 Hex            0%         N/A       50%         2
 Alistair's Intoxication  Tmut/Pois      0%         N/A       100%        5


Dungeon Overview and Level Annotations

Branches:
Dungeon (6/15)             Temple (1/1) D:4

Altars:
Cheibriados
Fedhas
Gozag
Nemelex Xobeh
Sif Muna
Uskayaw
Vehumet
The Shining One

Annotations:
D:4 Edmund


Innate Abilities, Weirdness & Mutations

You are a tree.
Your roots penetrate the ground, keeping you stationary.
You cannot be teleported.
You are immune to unholy pain and torment.
Your maximum health is greatly increased.
Your equipment is partially melded.
((Your plain brown scales are hard. (AC +6)))
You cannot fit into any form of body armour.
((You are cold-blooded and may be slowed by cold attacks.))
You are strong-willed. (Will+)
((Your system is resistant to poisons. (rPois)))
You have hidden genetic potential.


Message History

The orc hits you but does no damage. Edmund hits you but does no damage.
You feel drained.
You cannot move. (Use ctrl+direction or * direction to attack while stationary and confused.)
You cannot move. (Use ctrl+direction or * direction to attack while stationary and confused.)
You cannot move. (Use ctrl+direction or * direction to attack while stationary and confused.)
You hit the orc priest.
The orc priest is heavily wounded.
The orc priest hits you with a +0 mace.
* * * LOW HITPOINT WARNING * * *
The orc hits you but does no damage.
Edmund says, "I'm quite good with sums, too."
Edmund hits you but does no damage.
You feel drained.
You hit Edmund.
You feel better.
Edmund is severely wounded.
You miss Edmund.
Edmund is severely wounded.
The orc priest miscasts a cantrip.
The orc hits you with a +0 dagger.
* * * LOW HITPOINT WARNING * * *
Edmund hits you with a +5 flail of draining.
* * * LOW HITPOINT WARNING * * *
You feel drained.
* * * LOW HITPOINT WARNING * * *
You hit Edmund but do no damage.
Edmund is severely wounded.
You hit Edmund.
Edmund is severely wounded.
The orc priest hits you but does no damage.
The orc hits you but does no damage.
Edmund hits you with a +5 flail of draining.
* * * LOW HITPOINT WARNING * * *
You feel drained.
* * * LOW HITPOINT WARNING * * *
You swing at nothing.
You feel less invigorated.
You feel less confused.
You hit Edmund but do no damage.
Edmund is severely wounded.
The orc priest invokes the aid of Beogh against you.
Beogh smites you!
You die...

.................#.# #
.#...#..#+########'# .....
##.8.##.....#....... .....
#.....##....#.......
....##..#.#..##†..#.......
...)...##.##......#.......
####...##...##.....#.......
.....8...o>....8.####...<##
...o.S.##o♣.##....###....##
###....##@##.............#
#...##..#.#..##..........#
#.. ##..(..# ...........#
#. ##.8.## ..##.....## #
#...# ###'#### ......
#......## ....#..#
+........ .....####
####.######


You could see Edmund, an orc priest and an orc.

Vanquished Creatures
  A bullfrog (D:3)
  A jelly (D:4)
  Natasha (D:4)
  An orc wizard (D:4)
  Robin (D:4)
  3 gnolls (D:2)
  3 adders
  An ufetubus (D:3)
  A dart slug (D:2)
  5 orcs
  8 endoplasms
  A giant cockroach (D:1)
  14 goblins
  11 hobgoblins
  2 jackals (D:1)
  6 kobolds
  3 quokkas
  18 ball pythons
  A bat (D:2)
  3 frilled lizards
  6 rats
91 creatures vanquished.

Notes
Turn   | Place    | Note
-------+----------+-------------------------------------------
     0 | D:5      | croobank the Draconian Delver began the quest for the Orb.
     0 | D:5      | Reached XP level 1. HP: 19/19 MP: 1/1
    44 | D:6      | Noticed a black bear
   267 | D:2      | Reached XP level 2. HP: 17/26 MP: 2/2
   393 | D:2      | Reached XP level 3. HP: 32/33 MP: 3/3
   598 | D:1      | Found Yleyweuw's Weapon Emporium.
  1223 | D:2      | Reached XP level 4. HP: 40/40 MP: 4/4
  1305 | D:2      | Reached skill level 5 in Stealth
  1903 | D:3      | Noticed a bullfrog
  1920 | D:3      | Killed a bullfrog
  1921 | D:3      | Reached XP level 5. HP: 35/47 MP: 5/5
  2436 | D:4      | Noticed Robin
  2607 | D:4      | Killed Robin
  2679 | D:4      | Gained mutation: You have hidden genetic potential. [potion
                  | of mutation]
  2679 | D:4      | Gained mutation: Your system is resistant to poisons.
                  | (rPois) [potion of mutation]
  2679 | D:4      | Gained mutation: You are strong-willed. (Will+) [potion of
                  | mutation]
  2701 | D:4      | Reached XP level 6. HP: 43/53 MP: 6/6
  2763 | D:4      | Found a snail-covered altar of Cheibriados.
  2930 | D:4      | Noticed Natasha
  2947 | D:4      | Killed Natasha
  3012 | D:4      | Found a staircase to the Ecumenical Temple.
  3021 | Temple   | Entered the Ecumenical Temple
  3042 | D:4      | Noticed Edmund
  3043 | D:4      | Upgraded the game from 0.31-a0-965-g8a8ce12e04 to
                  | 0.31-a0-968-g24f9ace8b5
  3080 | D:4      | Killed from afar by an orc priest

Illustrated notes

Levels and vault maps discovered:
D:1:      ncdulo_halloftheorcs, layout_basic, serial_shops, shop, minivault_23
D:2:      layout_loops_corners, nicolae_grassy_gnolls
D:3:      layout_loops_ring
D:4:      layout_gridville, riverfiend_overflow_shadow_ancestor,
          overflow_temple_1_default, minmay_temple_entry_waves, chequers_jeans,
          minmay_crystal_water, uniq_natasha, uniq_edmund, uniq_robin
D:5:      cheibrodos_thug_alley, layout_loops_ring, lemuel_tele_altar
D:6:      layout_loops_ring, okawaru_altar_gauntlet_db,
          cheibrodos_sewer_entry_bend
Temple:   nicolae_temple_little_seven

Skill      XL: |  1  2  3  4 |
---------------+-------------+-----
Dodging        | 2 3 |  3.3
Fighting       | 4 |  4.7
Stealth        | 5 |  5.5
Short Blades   | 3 |  3.6

Action                     |  1- 3 |  4- 6 || total
---------------------------+-------+-------++-------
  Melee: Short sword       |   107 |   173 ||   280
         Tailslap          |    11 |    17 ||    28
         Punch             |       |     2 ||     2
  Throw: Throwing net      |       |     4 ||     4
         Dart              |       |     1 ||     1
  Evoke: Wand              |     2 |     8 ||    10
    Use: Scroll            |     2 |     2 ||     4
         Potion            |       |     8 ||     8
   Stab: Sleeping          |     6 |     7 ||    13
 Armour: Skin              |    51 |   147 ||   198
  Dodge: Dodged            |    42 |   103 ||   145

Table legend: (Time is in decaauts)
 A = Elapsed time spent in this place.
 B = Non-inter-level travel time spent in this place.
 C = Inter-level travel time spent in this place.
 D = Time resting spent in this place.
 E = Time spent auto-exploring this place.
 F = Levels seen in this place.
 G = Mean time per level.
                   A        B        C        D        E       F      G
               +--------+--------+--------+--------+--------+-----+--------+
         Total |   3032 |   2906 |    126 |    217 |   1932 |   7 |  433.1 |
       Dungeon |   3018 |   2905 |    113 |    217 |   1932 |   6 |  503.0 |
        Temple |     13 |      0 |     13 |      0 |      0 |   1 |   13.0 |
               +--------+--------+--------+--------+--------+-----+--------+

Top non-repeatable levels by time:
     D:3: 898 daAuts
     D:2: 835 daAuts
     D:1: 635 daAuts
     D:4: 566 daAuts
     D:6: 49 daAuts
     D:5: 32 daAuts
  Temple: 13 daAuts
